 Dungeon Crawl Stone Soup version 0.32-a0-22-g6ae6769602 (webtiles) character file.

Game seed: 10433003783696250995

77 Slingman the Covered (level 4, -1/40 HPs)
             Began as a Minotaur Fighter on Jan 19, 2024.
             Slain by a goblin
             ... wielding a +0 club
             ... led by Robin
              (4 damage)
             ... on level 4 of the Dungeon.
             The game lasted 00:13:17 (765 turns).

Slingman the Covered (Minotaur Fighter)              Turns: 765, Time: 00:13:18

Health: -1/40      AC:  9    Str: 22    XL:     4   Next: 14%
Magic:  3/3        EV:  9    Int:  5    God:
Gold:   113        SH:  4    Dex: 10    Spells: 3/3 levels left

rFire   . . .        a - +0 flail
rCold   . . .        c - +0 buckler
rNeg    . . .        b - +1 scale mail
rPois   .            (helmet restricted)
rElec   .            (no cloak)
rCorr   .            f - +0 pair of gloves
SInv    .            (no boots)
Will    +....        (no amulet) Stlth
                     (no ring)
HPRegen 0.26/turn    (no ring)
MPRegen 0.08/turn

%: no passive effects
@: mighty, enlightened, flying
A: horns 2, retaliatory headbutt
a: no special abilities


You were on level 4 of the Dungeon.
You visited 1 branch of the dungeon, and saw 4 of its levels.

You collected 113 gold pieces.

Inventory:

Hand Weapons
 a - a +0 flail (weapon)
 g - a +2 dagger of venom
Armour
 b - a +1 scale mail (worn)
 c - a +0 buckler (worn)
 f - a +0 pair of gloves (worn)
Potions
 e - a potion of degeneration {unknown}


   Skills:
 + Level 4.2 Fighting
 + Level 3.4 Maces & Flails
 + Level 4.4 Armour
 + Level 0.8 Dodging
 + Level 4.2 Shields


You had 3 spell levels left.
You didn't know any spells.
Your spell library was empty.

Dungeon Overview and Level Annotations

Branches:
Dungeon (4/15)
 Temple: D:4-7

Altars:

Annotations:
D:4 Robin


Innate Abilities, Weirdness & Mutations

You have a pair of horns on your head.
You reflexively headbutt those who attack you in melee.


Message History

You closely miss the goblin. Your headbutt misses the goblin.
The goblin hits you but does no damage.
Robin says, "Duck!"
The goblin hits you but does no damage.
You hit the goblin but do no damage. Your headbutt misses the goblin.
The goblin hits you with a +0 club.
* * * LOW HITPOINT WARNING * * *
The goblin completely misses you.
You closely miss the goblin. You headbutt the goblin.
You kill the goblin!
Robin roars a battlecry!
The goblin goes into a battle-frenzy!
The goblin hits you with a +0 dagger.
* * * LOW HITPOINT WARNING * * *
Things that are here:
a +0 club; a goblin corpse Robin throws the goblin at you!
You barely miss the goblin. The goblin barely misses you.
The goblin hits you with a +0 dagger.
* * * LOW HITPOINT WARNING * * *
You hit the goblin.
You kill the goblin!
The goblin hits you with a +0 dagger.
* * * LOW HITPOINT WARNING * * *
You hit the goblin. You headbutt the goblin.
You kill the goblin!
You feel very mighty all of a sudden. You block the goblin's attack.
Robin throws the goblin at you!
It was a potion of enlightenment.
You feel very buoyant.
You fly up into the air.
You block the goblin's attack. The goblin hits you but does no damage.
You miss the goblin. Your headbutt misses the goblin.
The goblin hits you but does no damage. The goblin barely misses you.
You hit the goblin.
The goblin is severely wounded.
The goblin hits you with a +0 club.
* * * LOW HITPOINT WARNING * * *
The goblin hits you with a +0 club.
You die...

##### ###<.. #.....
#.#... #.##.# #.##.# .
#.##.########....
##########.##†g@gg))...#
..............#####)...#
.######.#####.# .#..#
####.# #.# .# ....
#....# #.. .# .#. #.#
#.##.# #... .. # #.#
#.##.#####.#.. #.
#.###..........#... .
#.#..........#.###.#


You could see Robin and 2 goblins.

Vanquished Creatures
  An adder (D:4)
  2 ribbon worms
  5 orcs (D:4)
  3 ball pythons
  4 endoplasms
  A giant cockroach (D:3)
  3 hobgoblins (D:4)
  4 jackals (D:1)
  3 quokkas
  4 bats
  2 frilled lizards
  13 goblins
  2 kobolds
  4 rats
51 creatures vanquished.

Notes
Turn   | Place    | Note
-------+----------+-------------------------------------------
     0 | D:1      | Slingman the Minotaur Fighter began the quest for the Orb.
     0 | D:1      | Reached XP level 1. HP: 19/19 MP: 0/0
   133 | D:1      | Reached XP level 2. HP: 21/27 MP: 1/1
   463 | D:2      | Reached XP level 3. HP: 33/33 MP: 2/2
   495 | D:3      | Found a faded altar of an unknown god.
   740 | D:4      | Noticed Robin
   748 | D:4      | Reached XP level 4. HP: 16/40 MP: 3/3
   765 | D:4      | Slain by a goblin

Illustrated notes

Levels and vault maps discovered:
D:1:      dpeg_arrival_rooms_a, layout_rooms, serial_corexii_hall,
          chequers_hall_statues_corner_a, chequers_hall_statues_y, st_stairs_9,
          nicolae_grassy_gnolls
D:2:      layout_loops_cross
D:3:      layout_loops_ring, basic_ecumenical_altar, uniq_ijyb
D:4:      layout_loops_ring, hangedman_decor_points, hangedman_glass_teeth,
          nicolae_shop_firing_range, uniq_robin

Skill      XL: |  1  2  3 |
---------------+----------+-----
Armour         | 4 |  4.4
Fighting       | 4 |  4.2
Shields        | 4 |  4.2
Maces & Flails | 3 |  3.4
Dodging        | |  0.8

Action                     |  1- 3 |  4- 6 || total
---------------------------+-------+-------++-------
  Melee: Flail             |    89 |    13 ||   102
         Headbutt          |    11 |     4 ||    15
    Use: Scroll            |     2 |       ||     2
         Potion            |       |     2 ||     2
 Armour: Scale mail        |    68 |    13 ||    81
  Dodge: Dodged            |    48 |     3 ||    51
  Block: Buckler           |    30 |     3 ||    33

Table legend: (Time is in decaauts)
 A = Elapsed time spent in this place.
 B = Non-inter-level travel time spent in this place.
 C = Inter-level travel time spent in this place.
 D = Time resting spent in this place.
 E = Time spent auto-exploring this place.
 F = Levels seen in this place.
 G = Mean time per level.
                   A        B        C        D        E       F      G
               +--------+--------+--------+--------+--------+-----+--------+
         Total |    792 |    784 |      8 |     65 |    423 |   4 |  198.0 |
       Dungeon |    792 |    784 |      8 |     65 |    423 |   4 |  198.0 |
               +--------+--------+--------+--------+--------+-----+--------+

Top non-repeatable levels by time:
     D:1: 410 daAuts
     D:3: 167 daAuts
     D:4: 146 daAuts
     D:2: 67 daAuts
